 Dungeon Crawl Stone Soup version 0.21-a0-270-g8204059 (webtiles) character file.

106 motkurip the Covered (level 4, -1/35 HPs)
             Began as a Demonspawn Fighter on Sept 14, 2017.
             Killed from afar by an orc wizard (3 damage)
             ... with a magic dart
             ... on level 3 of the Dungeon.
             The game lasted 00:04:03 (1051 turns).

motkurip the Covered (Demonspawn Fighter)           Turns: 1051, Time: 00:04:04

Health: -1/35      AC: 11    Str: 17    XL:     4   Next: 55%
Magic:  0/4        EV:  4    Int: 10    God:
Gold:   104        SH:  9    Dex: 12    Spells: 3/3 levels left

rFire    . . .     SeeInvis .   e - +0 dagger
rCold    . . .     Gourm    .   b - +0 shield
rNeg     . . .     Faith    .   o - +0 chain mail
rPois    .         Spirit   +   (helmet restricted)
rElec    .         Reflect  .   (no cloak)
rCorr    .         Harm     .   (no gloves)
MR       .....                  (no boots)
Stlth    ..........             (no amulet)
HPRegen  0.11/turn              (no ring)
MPRegen  0.09/turn              (no ring)

@: no status effects
A: horns 1, molten scales 1, magic shield
a: no special abilities


You were on level 3 of the Dungeon.
You were not hungry.

You visited 1 branch of the dungeon, and saw 3 of its levels.

You collected 104 gold pieces.

Inventory:

Hand Weapons
 e - a +0 dagger (weapon)
Armour
 a - a +0 scale mail
 b - a +0 shield (worn)
 o - a +0 chain mail (worn)
Jewellery
 g - an uncursed ring of fire
Scrolls
 i - 2 scrolls of identify {unknown}
 j - a scroll of recharging {unknown}
 k - a scroll of enchant weapon {unknown}
 m - a scroll of amnesia {unknown}
Potions
 c - a potion of might
 h - a potion of brilliance
 l - a potion of heal wounds {unknown}
Comestibles
 d - 2 bread rations
 f - a meat ration
 n - 4 chunks of flesh


   Skills:
 - Level 3.0 Fighting
 + Level 3.4 Armour
 + Level 3.3 Shields
 * Level 3.2 Unarmed Combat


You had 3 spell levels left.
You didn't know any spells.

Dungeon Overview and Level Annotations

Branches:
Dungeon (3/15)

Altars:
Okawaru


Innate Abilities, Weirdness & Mutations

You have a pair of small horns on your head.
You are partially covered in molten scales. (AC +2)
When hurt, damage is shared between your health and your magic reserves.


Message History

There is an open door here.
You closely miss the orc warrior. The orc warrior completely misses you.
You hit the orc warrior but do no damage.
The orc warrior hits you with a hand axe!
* * * LOW HITPOINT WARNING * * *
The orc warrior hits you with a hand axe.
* * * LOW HITPOINT WARNING * * *
Found a stone staircase leading down.
There is an open door here.
Found a whip.
There is an open door here.
Number of times to repeat, then command key: You must enter the number of times for the command to repeat.
A frilled lizard comes into view.
The frilled lizard hisses angrily.
The orc wizard shouts!
The frilled lizard unfolds its giant frill.
Found 11 gold pieces.
The orc wizard gestures at you while chanting.
The magic dart hits you!
You die...

#......#####...#
#......# #o..#
#......# #...######
#......#####........#
#......#...#........#
#......#...#........#
#......#...#..>.....#
#......'...o.....l..#
#.######...##@.)....#
#. ######.......# #.
#......$# #.......#
##+######


You could see an orc warrior, an orc wizard and a frilled lizard.

Vanquished Creatures
  An orc priest (D:3)
  An adder (D:3)
  An ooze (D:1)
  8 orcs (D:3)
  A ball python (D:2)
  7 bats
  7 hobgoblins
  4 jackals
  5 kobolds
  A quokka (D:3)
  6 frilled lizards
  7 goblins
  6 rats
55 creatures vanquished.

Notes
Turn   | Place    | Note
-------+----------+-------------------------------------------
     0 | D:1      | motkurip the Demonspawn Fighter began the quest for the Orb.
     0 | D:1      | Reached XP level 1. HP: 18/18 MP: 1/1
   129 | D:1      | Gained mutation: When hurt, damage is shared between your health and your magic reserves. [demonic ancestry]
   129 | D:1      | Reached XP level 2. HP: 23/24 MP: 2/2
   497 | D:1      | Gained mutation: You have a pair of small horns on your head. [demonic ancestry]
   497 | D:1      | Reached XP level 3. HP: 26/29 MP: 3/3
   802 | D:3      | Found an iron altar of Okawaru.
   827 | D:3      | Gained mutation: You are partially covered in molten scales. (AC +2) [demonic ancestry]
   827 | D:3      | Reached XP level 4. HP: 5/35 MP: 1/4
  1029 | D:3      | Noticed an orc warrior
  1039 | D:3      | HP: 1/35 [orc warrior/hand axe (3)]
  1051 | D:3      | Killed from afar by an orc wizard

Vault maps used:
D:1:      minmay_arrival_plants_in_alcoves, minmay_octomino_e4
D:2:      corner_web_ring
D:3:      old_standard_altar, first_bread

Skill      XL: |  1  2  3 |
---------------+----------+-----
Unarmed Combat | 2 3 |  3.2
Armour         | 3 |  3.4
Shields        | 3 |  3.3
Fighting       | |  3.0

Action                   |  1- 3 |  4- 6 || total
-------------------------+-------+-------++-------
Melee: Dagger            |   206 |    55 ||   261
       Unarmed           |    11 |       ||    11
       Headbutt          |    17 |    12 ||    29
  Use: Potion            |       |     1 ||     1
  Eat: Chunk             |       |     1 ||     1
Armor: Scale mail        |    78 |       ||    78
       Chain mail        |    19 |    15 ||    34
Dodge: Dodged            |    58 |     4 ||    62
Block: Shield            |   113 |    24 ||   137

Table legend:
 A = Spawn XP
 B = Non-spawn XP
 C = Spawn XP percentage of total XP
 D = Spawn monster count
 E = Non-spawn monster count
 F = Spawn count percentage of total count
 G = Total turns spent on level
                    A         B        C        D         E        F      G
               +---------+---------+-------+---------+---------+-------+---------
         Total |       0 |     152 |   0.0 |       0 |      55 |   0.0 |  1051
               +---------+---------+-------+---------+---------+-------+---------
           D:1 |       0 |      44 |   0.0 |       0 |      26 |   0.0 |   528
           D:2 |       0 |      23 |   0.0 |       0 |      14 |   0.0 |   217
           D:3 |       0 |      85 |   0.0 |       0 |      15 |   0.0 |   306
               +---------+---------+-------+---------+---------+-------+---------
